[Event "*** Titled Tuesday Blitz"]
[Site "Chess.com"]
[Date "2018.06.05"]
[Round "2"]
[White "Robert_Chessmood"]
[Black "Tesla37"]
[Result "0-1"]
[WhiteElo "2726"]
[BlackElo "2638"]
[TimeControl "180+2"]
[EndTime "13:23:07 PDT"]
[Termination "Tesla37 won by resignation"]

1. e4 c5 2. Nf3 e6 3. d4 cxd4 4. Nxd4 Nc6 5. Nc3 a6 6. Nxc6 bxc6 7. Bd3 d5 8. Qf3 Nf6 9. Qg3 Nh5 10. Qf3 Nf6 11.
O-O Be7 12. Qg3 Nh5 13. Qf3 Nf6 14. e5 Nd7 15. Qg3 g6 16. Bh6 Rb8 17. b3 Rb4 18. f4 Bf8 19. Bxf8 Kxf8 20. Na4 h5 21. Bxg6 h4 22.
Qe1 Rxa4 23. Bxf7 Re4 24. Qc3 Kxf7 25. f5 Nxe5 26. fxe6+ Kxe6 27. Rae1 Rf8 28. Qd2 Qb6+ 29. Kh1 Rxf1+ 30. Rxf1 Qe3 31. Qa5 h3 32. gxh3 Rf4 33. Re1 Qf3+ 34. Kg1 Qf2+ 35. Kh1 Re4 36. Rd1 0-1

[Event "*** Titled Tuesday Blitz"]
[Site "Chess.com"]
[Date "2018.06.05"]
[Round "2"]
[White "sari07"]
[Black "Leo_C"]
[Result "1-0"]
[WhiteElo "2182"]
[BlackElo "2211"]
[TimeControl "180+2"]
[EndTime "13:23:13 PDT"]
[Termination "sari07 won by resignation"]

1. d4 d5 2. c4 c6 3. Nf3 Nf6 4. e3 e6 5. Nc3 Nbd7 6. Qc2 Bd6 7. b3 O-O 8. Bb2 e5 9. dxe5 Nxe5 10.
O-O-O Nxf3 11. gxf3 Be6 12. Rg1 Qe7 13. cxd5 cxd5 14.
Rxd5 Rac8 15. Rdg5 g6 16. Kb1 Bb4 17. Ne4 Nxe4 18.
Qxe4 f6 19. Rxg6+ hxg6 20. Rxg6+ Kf7 21. Bd3 f5 22. Rg7+ Ke8 23. Rxe7+ Kxe7 24. Qxb7+ Kd8 25. Qxb4 1-0

[Event "*** Titled Tuesday Blitz"]
[Site "Chess.com"]
[Date "2018.06.05"]
[Round "2"]
[White "Korchmar_Vasiliy"]
[Black "VSERGUEI"]
[Result "1-0"]
[WhiteElo "2711"]
[BlackElo "2504"]
[TimeControl "180+2"]
[EndTime "13:23:18 PDT"]
[Termination "Korchmar_Vasiliy won by checkmate"]

1. d4 d5 2. Nf3 Nf6 3. Bf4 c5 4. e3 Nc6 5. Nbd2 cxd4 6. exd4 g6 7. h3 Nh5 8. Bh2 Bg7 9. c3 O-O 10. Bd3 f5 11. O-O f4 12. Re1 Qd6 13. b4 a6 14.
Nb3 e5 15. dxe5 Nxe5 16. Nxe5 Bxe5 17. Nd4 Bxd4 18. cxd4 Qxb4 19. Qf3 Qxd4 20. Rad1 Qc5 21. Re5 Rd8 22. Rde1 Qf8 23. Rxh5 gxh5 24. Qxh5 Qg7 25. Re8+ Rxe8 26. Qxe8+ Qf8 27. Bxh7+ Kg7 28. Qg6+ Kh8 29. Bxf4 Qg7 30. Be5 Qxe5 31. Qg8# 1-0

[Event "*** Titled Tuesday Blitz"]
[Site "Chess.com"]
[Date "2018.06.05"]
[Round "2"]
[White "11kevin"]
[Black "TBergh98"]
[Result "1-0"]
[WhiteElo "2225"]
[BlackElo "2206"]
[TimeControl "180+2"]
[EndTime "13:23:18 PDT"]
[Termination "11kevin won by resignation"]

1. Nf3 Nf6 2. d4 g6 3. c4 Bg7 4.
Nc3 d5 5. cxd5 Nxd5 6. e4 Nxc3 7. bxc3 c5 8. Be3 Nc6 9. Rc1 Qa5 10. d5 Ne5 11. Nxe5 Bxe5 12. Qd2 O-O 13. f4 Bg7 14.
c4 Qc7 15. e5 Rd8 16. Be2 f6 17. O-O fxe5 18. fxe5 Bxe5 19. Bf4 Bf5 20. Kh1 Rf8 21. Qe3 Bxf4 22. Rxf4 Rae8 23. Rcf1 e6 24. Qg3 Qg7 25. dxe6 Bxe6 26. h3 Bf5 27. Bf3 b6 28. Bd5+ Kh8 29.
R4f2 Bc8 30. Rxf8+ Rxf8 31. Rxf8+ Qxf8 32. Qe5+ 1-0

[Event "*** Titled Tuesday Blitz"]
[Site "Chess.com"]
[Date "2018.06.05"]
[Round "2"]
[White "matiss90"]
[Black "nailbeshirli"]
[Result "0-1"]
[WhiteElo "2347"]
[BlackElo "2511"]
[TimeControl "180+2"]
[EndTime "13:23:20 PDT"]
[Termination "nailbeshirli won by checkmate"]

1. e4 c5 2. Nf3 d6 3. d4 cxd4 4.
Nxd4 Nf6 5. Nc3 Nc6 6. Bc4 e6 7. Be3 a6 8. Bb3 Be7 9. Qe2 Qc7 10. O-O-O Na5 11. g4 b5 12. g5 Nxb3+ 13. axb3 Nd7 14. f4 Bb7 15. f5 e5 16. Nf3 b4 17.
Nd5 Bxd5 18. Rxd5 a5 19. Qb5 O-O 20. f6 Rfb8 21. Qd3 gxf6 22. gxf6 Nxf6 23. Rg1+ Kf8 24. Nh4 Nxd5 25. Bh6+ Ke8 26. Rg8+ Kd7 27. Qh3+ Kc6 28. exd5+ Kb7 29. Rg7 a4 30. bxa4 Rxa4 31. Nf5 Ra1+ 32. Kd2 b3 33. Qxb3+ Ka8 34. Qc3 Qxc3+ 35. bxc3 Bd8 36.
Rxf7 Ba5 37. Nxd6 Rh1 38. Nb5 Rxh2+ 39. Kd3 Rh3+ 40. Kc4 Rc8+ 41. Kb3 Bxc3 42. Nc7+ Kb7 43. Ne6+ Ka6 44. Nc7+ Rxc7 45. Rxc7 Ba5+ 46. Kc4 Rc3# 0-1

[Event "*** Titled Tuesday Blitz"]
[Site "Chess.com"]
[Date "2018.06.05"]
[Round "2"]
[White "Muguet7"]
[Black "Ar4uha"]
[Result "0-1"]
[WhiteElo "2316"]
[BlackElo "2579"]
[TimeControl "180+2"]
[EndTime "13:23:23 PDT"]
[Termination "Ar4uha won by resignation"]

1. d4 Nf6 2. c4 e6 3. g3 d5 4.
Bg2 dxc4 5. Nf3 Nbd7 6. O-O Rb8 7. a4 b6 8. Na3 Bxa3 9. Rxa3 O-O 10. Rc3 Ba6 11.
Re1 Nd5 12. Ra3 c5 13. e4 Nb4 14. Bf4 Rc8 15. Bd6 Re8 16. e5 Nd3 17. Re3 Nxb2 18.
Qc2 Nd3 19. dxc5 N7xc5 20. Nd4 Nb7 21. Nc6 Qd7 22. Nxa7 Nxd6 23. Nxc8 Nxc8 24. Bc6 Qxc6 25. Rexd3 Bb7 26. Rf3 Qc5 27. Rfe3 Qd5 28. Rf3 Qxe5 29. Rfe3 Qd5 30. f3 Ne7 31. Rac3 Nf5 32. Re4 Qc5+ 33. Kh1 Bxe4 34. fxe4 Nd4 35. Qf2 e5 36. Rc1 c3 37.
Qe3 c2 38. h4 Rc8 39. Kh2 Qc4 40. Kh3 h6 41. Qf2 Ne2 0-1

[Event "*** Titled Tuesday Blitz"]
[Site "Chess.com"]
[Date "2018.06.05"]
[Round "2"]
[White "Vrolijk"]
[Black "RichardABates"]
[Result "1-0"]
[WhiteElo "2618"]
[BlackElo "2313"]
[TimeControl "180+2"]
[EndTime "13:23:26 PDT"]
[Termination "Vrolijk won by resignation"]

1. d4 Nf6 2. c4 e6 3. Nf3 Bb4+ 4.
Nbd2 d6 5. a3 Bxd2+ 6. Bxd2 Qe7 7. Bg5 h6 8. Bh4 Nbd7 9. e3 e5 10. Be2 O-O 11. O-O Re8 12. Rc1 Nf8 13. Qc2 Ng6 14. Bg3 exd4 15. Nxd4 Ne4 16. Rfd1 h5 17.
Bxh5 Nxg3 18. hxg3 Ne5 19. Nf3 Ng4 20. Bxg4 Bxg4 21.
Rd4 Bh5 22. c5 dxc5 23. Qxc5 Qxc5 24. Rxc5 Bxf3 25. gxf3 c6 26. Rd7 Rab8 27. Rf5 f6 28. Ra5 a6 29. Ra4 Kf8 30. Rh4 Kg8 31. Rg4 g5 32. f4 Red8 33. Rxd8+ Rxd8 34. fxg5 Rd2 35. gxf6+ Kf8 36. Rb4 b5 37. g4 Kf7 38. g5 Rd5 39. f4 c5 40. Re4 Rd1+ 41. Kf2 Rd2+ 42. Kf3 Rxb2 43. Re7+ Kf8 44. g6 Rd2 45. g7+ 1-0

[Event "*** Titled Tuesday Blitz"]
[Site "Chess.com"]
[Date "2018.06.05"]
[Round "2"]
[White "sergeikim"]
[Black "WinnerOleg"]
[Result "1-0"]
[WhiteElo "2381"]
[BlackElo "2394"]
[TimeControl "180+2"]
[EndTime "13:23:27 PDT"]
[Termination "sergeikim won by resignation"]

1. d4 d5 2. c4 c6 3. Nf3 Nf6 4. Qc2 g6 5. e3 Bg7 6. Bd3 dxc4 7.
Qxc4 b5 8. Qc2 a6 9. O-O O-O 10. b3 Bb7 11. Bb2 Nbd7 12. Nbd2 Rc8 13. b4 Nd5 14. a3 N7b6 15. Nb3 Na4 16. Nc5 Nxc5 17.
Qxc5 Re8 18. Rfd1 Nb6 19. Be4 Na4 20. Qc2 f5 21. Bd3 Nxb2 22. Qxb2 c5 23. bxc5 Rxc5 24.
Rac1 Rxc1 25. Qxc1 Qd6 26. Ng5 h6 27. Nh3 e5 28. dxe5 Qxe5 29. Nf4 Kh7 30. Qb1 Rd8 31. h4 Be4 32. Bxe4 Rxd1+ 33. Qxd1 fxe4 34. Qd7 g5 35.
hxg5 hxg5 36. Ne6 Qa1+ 37. Kh2 Qe5+ 38. g3 Kg6 39. Qe8+ Kf6 40. Nxg7 1-0

[Event "*** Titled Tuesday Blitz"]
[Site "Chess.com"]
[Date "2018.06.05"]
[Round "2"]
[White "Mr_Penings"]
[Black "Martins-BR"]
[Result "0-1"]
[WhiteElo "2397"]
[BlackElo "2312"]
[TimeControl "180+2"]
[EndTime "13:23:28 PDT"]
[Termination "Martins-BR won by resignation"]

1. c4 f5 2. g3 Nf6 3. Bg2 g6 4.
Nc3 Bg7 5. d3 d6 6. e4 Nc6 7.
Nge2 O-O 8. O-O e5 9. exf5 Bxf5 10. d4 exd4 11. Nxd4 Nxd4 12. Qxd4 c6 13. Qh4 Ng4 14. Bg5 Qc7 15. h3 Ne5 16. Rfd1 h6 17. Be3 g5 18.
Qh5 Nxc4 19. Bd4 d5 20. Bxg7 Kxg7 21. b3 Nd6 22. Rac1 Qf7 23. Qe2 Rae8 24. Qb2 Qf6 25. Kh2 Bg6 26. Rd2 Kh7 27. Rf1 Ne4 28. Nxe4 Bxe4 29.
Bxe4+ Rxe4 30. Qc2 Qg6 31. f3 Re3 32. Qd1 Rfe8 33. Rdf2 Qd3 34. Qc1 Re2 35. Qc5 Qxf3 36. Qd6 Rxf2+ 0-1

[Event "*** Titled Tuesday Blitz"]
[Site "Chess.com"]
[Date "2018.06.05"]
[Round "2"]
[White "NDePinEsPeRG"]
[Black "BrizuelaRonald"]
[Result "0-1"]
[WhiteElo "2642"]
[BlackElo "2711"]
[TimeControl "180+2"]
[EndTime "13:23:31 PDT"]
[Termination "BrizuelaRonald won by checkmate"]

1. d4 d5 2. Bf4 Nf6 3. e3 e6 4. Nd2 c5 5. c3 Nc6 6. Ngf3 Be7 7. h3 O-O 8. Bd3 b6 9. O-O Bb7 10. Qb1 Bd6 11. Ne5 Qc7 12. Ndf3 Ne4 13. Re1 Nd8 14. Bh2 f6 15. Ng4 Nf7 16. c4 h5 17. Bxd6 Nfxd6 18. Ngh2 dxc4 19. Bc2 Rfe8 20. Nf1 Rad8 21. N1d2 Nxd2 22. Nxd2 cxd4 23. exd4 Nf7 24. Bh7+ Kf8 25. Nf1 Ng5 26. Bg6 Rxd4 27. Bxe8 Bxg2 28.
Nh2 Bf3 29. Nxf3 Nxf3+ 30. Kg2 Qh2+ 31. Kxf3 Rf4+ 32. Ke2 Rxf2+ 33. Kd1 Qd6+ 34. Kc1 Qd2# 0-1

[Event "*** Titled Tuesday Blitz"]
[Site "Chess.com"]
[Date "2018.06.05"]
[Round "2"]
[White "MyleneFarmer"]
[Black "kleinebeer98"]
[Result "0-1"]
[WhiteElo "2385"]
[BlackElo "2463"]
[TimeControl "180+2"]
[EndTime "13:23:34 PDT"]
[Termination "kleinebeer98 won on time"]

1. d4 Nf6 2. Nf3 e6 3. c4 b6 4.
g3 Bb7 5. Bg2 Be7 6. O-O O-O 7.
d5 exd5 8. Nh4 c6 9. cxd5 Nxd5 10. Nf5 Re8 11. e4 Nc7 12. Nc3 Nba6 13. Bf4 Nc5 14. Nxe7+ Rxe7 15. Bd6 Re6 16. Qd2 Ne8 17. Bxc5 bxc5 18.
Na4 d6 19. Rfd1 Qe7 20. f3 d5 21. Qc3 c4 22. b3 Nf6 23. bxc4 dxe4 24. fxe4 Nxe4 25.
Bxe4 Rxe4 26. Rab1 Re8 27. c5 Rxa4 28. Qf3 Rxa2 29. Rf1 Ba6 30. Rbe1 Qxc5+ 31. Kh1 Rf8 32. Rg1 Bc4 0-1

[Event "*** Titled Tuesday Blitz"]
[Site "Chess.com"]
[Date "2018.06.05"]
[Round "2"]
[White "gmjlh"]
[Black "timator"]
[Result "1-0"]
[WhiteElo "2617"]
[BlackElo "2347"]
[TimeControl "180+2"]
[EndTime "13:23:35 PDT"]
[Termination "gmjlh won by resignation"]

1. e4 c5 2. Nf3 Nc6 3. g3 g6 4. Bg2 Bg7 5. O-O e6 6. c3 Nge7 7. d4 cxd4 8. cxd4 d5 9. e5 O-O 10. Nc3 b6 11. Re1 Bb7 12. g4 a6 13. g5 Nf5 14. h4 b5 15. h5 Re8 16. h6 Bf8 17. Ne2 Qb6 18. Be3 Rac8 19. Ng3 Nxg3 20. fxg3 Nb4 21. Re2 Rc7 22. Nh2 Rec8 23. Ng4 Be7 24. Qf1 Nc2 25. Nf6+ Kh8 26. Rxc2 Rxc2 27.
Nd7 Qd8 28. Qxf7 Bf8 29. Nf6 1-0

[Event "*** Titled Tuesday Blitz"]
[Site "Chess.com"]
[Date "2018.06.05"]
[Round "2"]
[White "VeraNebolsina"]
[Black "pultineviciuspaulius"]
[Result "0-1"]
[WhiteElo "2341"]
[BlackElo "2617"]
[TimeControl "180+2"]
[EndTime "13:23:36 PDT"]
[Termination "pultineviciuspaulius won by resignation"]

1. e4 c6 2. d4 d5 3. exd5 cxd5 4. Bd3 Nf6 5. c3 Bg4 6. Qb3 Qd7 7. h3 Bh5 8. Nd2 Nc6 9. Ngf3 e6 10. O-O Bd6 11. Re1 Qc7 12. Be2 O-O 13. Nf1 Ne4 14. Be3 f5 15. Ng5 Bxe2 16. Rxe2 Qe7 17. Nxe4 fxe4 18. Qd1 Rf5 19. Qd2 Raf8 20. Ng3 R5f7 21. Ree1 Qc7 22. Nh1 Ne7 23. g3 Nf5 24. Rf1 b5 25. Rac1 a5 26. b3 h5 27. c4 bxc4 28. bxc4 Bb4 29. Qe2 h4 30. cxd5 Qd6 31. dxe6 Qxe6 32. Qg4 Qd5 33. gxh4 Nxd4 34. Ng3 Nf3+ 35. Kh1 Bd2 36. Rfd1 Qxa2 37. Bxd2 Nxd2 38. Ra1 Qc2 39.
Rxa5 Rxf2 40. Ra7 Rh2+ 0-1

[Event "*** Titled Tuesday Blitz"]
[Site "Chess.com"]
[Date "2018.06.05"]
[Round "2"]
[White "AlexanderKing"]
[Black "vpantev"]
[Result "0-1"]
[WhiteElo "2459"]
[BlackElo "2454"]
[TimeControl "180+2"]
[EndTime "13:23:38 PDT"]
[Termination "vpantev won by resignation"]

1. d4 Nf6 2. c4 e6 3. Nc3 Bb4 4. e3 Nc6 5. Bd3 O-O 6. Nf3 d6 7. Bd2 e5 8. d5 Ne7 9. O-O Bxc3 10. Bxc3 Bf5 11. Be2 h6 12. Nd2 c6 13. dxc6 bxc6 14.
f4 Qb6 15. fxe5 dxe5 16. h3 Qxe3+ 17. Kh2 Bd3 18. Bxd3 Qxd3 19. Qf3 Qxf3 20. Nxf3 e4 21. Bxf6 gxf6 22. Nh4 Rad8 23. Rae1 f5 24. Nxf5 Nxf5 25. Rxf5 Rfe8 26. Rf4 e3 27. Rf3 e2 28. Kg3 Rd2 29.
Rb3 Re6 30. Kf2 Rf6+ 31. Ke3 Rc2 32. Rxe2 Re6+ 0-1

[Event "*** Titled Tuesday Blitz"]
[Site "Chess.com"]
[Date "2018.06.05"]
[Round "2"]
[White "Kangoroo3000"]
[Black "goodtimes2020"]
[Result "0-1"]
[WhiteElo "2401"]
[BlackElo "2298"]
[TimeControl "180+2"]
[EndTime "13:23:38 PDT"]
[Termination "goodtimes2020 won by checkmate"]

1. d4 e6 2. c4 b6 3. Nf3 f5 4. g3 Bb7 5. Bg2 Nf6 6. O-O Be7 7. d5 O-O 8. Nd4 g6 9. dxe6 Bxg2 10. Kxg2 c5 11. Nf3 dxe6 12. Bf4 Nc6 13. Nc3 Nh5 14. Bh6 Re8 15. Qxd8 Raxd8 16. Rfd1 Bf6 17. h3 Rxd1 18.
Rxd1 Rd8 19. Rxd8+ Bxd8 20. g4 Ng7 21. e4 Bf6 22. exf5 Bxc3 23. bxc3 exf5 24. Bf4 Ne6 25. Bd6 fxg4 26. hxg4 Kf7 27. Nd2 Ke8 28. f4 Kd7 29. Ne4 Na5 30. Be5 Nxc4 31. Nf6+ Kc6 32. Nxh7 Nxe5 33. fxe5 Kd5 34. Kg3 Kxe5 35. g5 Kf5 36.
Kh4 b5 37. Nf6 Nxg5 38. Ne8 Ne4 39. Kh3 Kf4 40. Kg2 Ke3 41. Nc7 Nxc3 42. Kf1 Kd2 43.
Kf2 a5 44. Kf3 b4 45. Na6 c4 46. Nc5 a4 47. Kf4 b3 48. axb3 axb3 49. Ke5 b2 50. Kd4 b1=Q 51. Kxc4 Qb5+ 52. Kd4 Qb4+ 53. Ke5 Qxc5+ 54.
Kf6 Qf5+ 55. Kg7 g5 56. Kh8 g4 57. Kg7 g3 58. Kh8 g2 59. Kg7 g1=Q+ 60. Kh8 Qh3# 0-1

[Event "*** Titled Tuesday Blitz"]
[Site "Chess.com"]
[Date "2018.06.05"]
[Round "2"]
[White "amiralfio"]
[Black "fidetrainerNET"]
[Result "1-0"]
[WhiteElo "2268"]
[BlackElo "2129"]
[TimeControl "180+2"]
[EndTime "13:23:38 PDT"]
[Termination "amiralfio won by resignation"]

1. d4 c5 2. dxc5 e5 3. e4 Bxc5 4. Nf3 Nc6 5. Bc4 Nf6 6. O-O O-O 7. Nc3 h6 8. h3 a6 9. a3 b5 10. Bd5 Bb7 11. b4 Bb6 12. Bb2 Nxd5 13. exd5 Nd4 14.
Nxe5 Rc8 15. Nf3 Nf5 16. Qd3 Qf6 17. Rab1 Qg6 18. Ne5 Qg5 19. Ne4 Qh4 20. Nxd7 Ba7 21. Nxf8 Kxf8 22. Rbe1 Rd8 23. d6 Qf4 24. Nc5 Rxd6 25.
Nd7+ Kg8 26. Re8+ Kh7 27. Nf8+ Kg8 28. Ng6+ Kh7 29. Nxf4 Rxd3 30. Nxd3 Nd4 31. Bxd4 Bxd4 32. Rfe1 Bd5 33. Rd8 Bc3 34. Rxd5 Bxe1 35. Nxe1 1-0

[Event "*** Titled Tuesday Blitz"]
[Site "Chess.com"]
[Date "2018.06.05"]
[Round "2"]
[White "ShimanovAlex"]
[Black "TheCount"]
[Result "1-0"]
[WhiteElo "2715"]
[BlackElo "2519"]
[TimeControl "180+2"]
[EndTime "13:23:42 PDT"]
[Termination "ShimanovAlex won by resignation"]

1. d4 Nf6 2. Bg5 Ne4 3. Bf4 e5 4. Bxe5 Nc6 5. Nf3 d5 6. Nbd2 Qe7 7. e3 f6 8. Bg3 h5 9. Nh4 Rh6 10. Nxe4 dxe4 11. Be2 Qb4+ 12. Kf1 Qxb2 13. Bxh5+ Kd8 14. Bg6 Bg4 15. Qc1 Qb5+ 16. c4 Qg5 17. Bxe4 Rxh4 18.
Bxh4 Qxh4 19. Qb1 Kc8 20. Bf5+ Kb8 21. h3 Bxf5 22. Qxf5 a5 23. Rb1 Ra6 24. Ke2 a4 25. Rb5 Bd6 26. Rhb1 b6 27. c5 Ne7 28. Qf3 1-0

[Event "*** Titled Tuesday Blitz"]
[Site "Chess.com"]
[Date "2018.06.05"]
[Round "2"]
[White "albi1999"]
[Black "ezkybel"]
[Result "1-0"]
[WhiteElo "2556"]
[BlackElo "2346"]
[TimeControl "180+2"]
[EndTime "13:23:43 PDT"]
[Termination "albi1999 won by resignation"]

1. Nf3 Nf6 2. d4 g6 3. g3 Bg7 4. c4 O-O 5. Bg2 d6 6. O-O c6 7.
Nc3 Na6 8. e4 Nc7 9. h3 a5 10.
Be3 Re8 11. Qc2 e5 12. Rad1 Qe7 13. Rfe1 Nh5 14. Qc1 a4 15. c5 dxc5 16. dxe5 Bf8 17. g4 Ng7 18. Bg5 Qe6 19. Bf6 Nb5 20. Ng5 Qc4 21. Bf1 Qb4 22. Bxb5 cxb5 23. Nd5 Qa5 24. Qf4 Ne6 25. Nxe6 Bxe6 26. h4 a3 27. b3 c4 28. b4 Qa4 29. Rc1 Bxd5 30. exd5 Qxb4 31. e6 fxe6 32. dxe6 Bg7 33. g5 Re7 34. Bxe7 Qxe7 35. Rcd1 Rf8 36. Qe4 Re8 37. Rd7 Qc5 38. Qxb7 Bc3 39.
Rxh7 Qf5 40. Qf7+ 1-0

[Event "*** Titled Tuesday Blitz"]
[Site "Chess.com"]
[Date "2018.06.05"]
[Round "2"]
[White "shrek4life02"]
[Black "TableVolleyball"]
[Result "0-1"]
[WhiteElo "2432"]
[BlackElo "2493"]
[TimeControl "180+2"]
[EndTime "13:23:45 PDT"]
[Termination "TableVolleyball won on time"]

1. d4 Nf6 2. Bf4 c5 3. e3 d5 4.
Nf3 Nc6 5. Bd3 Bg4 6. c3 a6 7. Nbd2 e6 8. h3 Bxf3 9. Nxf3 Bd6 10. O-O Bxf4 11. exf4 c4 12. Bc2 O-O 13. Ne5 Ne7 14. Qe2 a5 15. Kh2 b5 16. g4 Nd7 17.
Rae1 b4 18. Bb1 Ng6 19. Qe3 Qc7 20. Nxd7 Qxd7 21. f5 exf5 22. gxf5 Qd6+ 23. f4 Rfe8 24. Qxe8+ Rxe8 25. Rxe8+ Nf8 26. Kg3 bxc3 27. bxc3 Qa3 28. Re3 Qb2 29. Rfe1 h5 30. f6 h4+ 31. Kxh4 Qf2+ 32.
Kg4 Ne6 33. Rxe6 fxe6 34. Rxe6 Qg1+ 35. Kf5 Qxb1+ 36. Ke5 Qe1+ 37. Kxd5 Qxc3 38. Ke5 Qe3+ 39. Kf5 g6+ 0-1

[Event "*** Titled Tuesday Blitz"]
[Site "Chess.com"]
[Date "2018.06.05"]
[Round "2"]
[White "StoreySniper"]
[Black "Man-Chuk"]
[Result "0-1"]
[WhiteElo "2346"]
[BlackElo "2609"]
[TimeControl "180+2"]
[EndTime "13:23:45 PDT"]
[Termination "Man-Chuk won on time"]

1. c4 e5 2. g3 Nf6 3. Bg2 g6 4. Nc3 Bg7 5. d3 O-O 6. Bg5 d6 7. Rb1 Nbd7 8. b4 h6 9. Bd2 a5 10. b5 Nc5 11. Na4 Nxa4 12. Qxa4 Re8 13. e4 Nd7 14. Qc2 Nc5 15. Ne2 f5 16. Nc3 f4 17.
O-O g5 18. f3 c6 19. bxc6 bxc6 20. g4 Ne6 21. Ne2 d5 22. cxd5 cxd5 23. Qc6 Ba6 24. exd5 Bxd3 25. dxe6 Bxe2 26. Rb7 Bxf1 27. Rd7 Qc8 28.
Qe4 Rxe6 0-1

[Event "*** Titled Tuesday Blitz"]
[Site "Chess.com"]
[Date "2018.06.05"]
[Round "2"]
[White "SantoBlue"]
[Black "Justmig"]
[Result "1-0"]
[WhiteElo "2794"]
[BlackElo "2615"]
[TimeControl "180+2"]
[EndTime "13:23:48 PDT"]
[Termination "SantoBlue won by checkmate"]

1. e4 c6 2. d4 d5 3. e5 c5 4. dxc5 Nc6 5. Nf3 Bg4 6. Bb5 Qa5+ 7. Nc3 e6 8. Be3 Ne7 9. h3 Bxf3 10. Qxf3 O-O-O 11. Bd2 Nxe5 12. Qe2 Qc7 13. O-O Nf5 14. b4 Nd4 15. Qd1 Nc4 16. Be3 Nf5 17. Bxc4 dxc4 18. Qe2 Qe5 19. Qxc4 Nxe3 20. fxe3 Qxe3+ 21. Kh1 Rd4 22. Qb3 Rf4 23. Rxf4 Qxf4 24. Qa4 a6 25. Rd1 Kb8 26. Rd8+ Ka7 27. Nb5# 1-0

[Event "*** Titled Tuesday Blitz"]
[Site "Chess.com"]
[Date "2018.06.05"]
[Round "2"]
[White "ama18"]
[Black "LuisFSiles"]
[Result "1-0"]
[WhiteElo "2256"]
[BlackElo "2132"]
[TimeControl "180+2"]
[EndTime "13:23:49 PDT"]
[Termination "ama18 won by resignation"]

1. e4 e5 2. Nf3 Nc6 3. Bb5 Nf6 4.
O-O Nxe4 5. Re1 Nd6 6. Nxe5 Be7 7. Bf1 Nxe5 8. Rxe5 O-O 9. d4 Ne8 10. c3 d5 11. Nd2 Bd6 12. Re1 Nf6 13. Nf3 Ne4 14.
Bd3 f5 15. c4 c6 16. cxd5 cxd5 17. Ne5 Qh4 18. g3 Qf6 19. f3 Ng5 20. Bxg5 Qxg5 21.
Qb3 Be6 22. f4 Qd8 23. Ng6 Rf6 24. Ne5 Rc8 25. Rac1 Qa5 26. Rxc8+ Bxc8 27. Nf3 Re6 28. Rc1 Bd7 29. Qxb7 Qd8 30. Qxd5 Kh8 31. Ng5 Rg6 32.
Nf7+ 1-0

[Event "*** Titled Tuesday Blitz"]
[Site "Chess.com"]
[Date "2018.06.05"]
[Round "2"]
[White "DiogenesSinopeus"]
[Black "rasmussvane"]
[Result "0-1"]
[WhiteElo "2424"]
[BlackElo "2582"]
[TimeControl "180+2"]
[EndTime "13:23:57 PDT"]
[Termination "rasmussvane won by resignation"]

1. d4 Nf6 2. c4 e6 3. Nc3 Bb4 4. e3 O-O 5. Bd3 c5 6. Nf3 b6 7. d5 exd5 8. cxd5 d6 9. O-O Ba6 10. e4 Bxd3 11. Qxd3 Nbd7 12. Bg5 Qe7 13. Nd2 h6 14.
Bh4 Ne5 15. Qc2 Ng6 16. Bg3 Nh5 17. a3 Bxc3 18. bxc3 Rae8 19. Rfe1 Ne5 20. a4 Qg5 21. Bxe5 Qxe5 22. Nc4 Qf6 23. g3 Qg6 24. Kh1 Re7 25.
Re2 Rd8 26. Rae1 Nf6 27. Qd3 Nd7 28. f4 a6 29. Qf3 b5 30. axb5 axb5 31. Na5 Rde8 32.
Nc6 c4 33. Nxe7+ Rxe7 34. e5 Nc5 35. exd6 Rxe2 36. Qxe2 Qxd6 37. Qe5 Qg6 38. d6 Nd3 39. Qe8+ Kh7 40. Qe4 Nf2+ 0-1

[Event "*** Titled Tuesday Blitz"]
[Site "Chess.com"]
[Date "2018.06.05"]
[Round "2"]
[White "Doraemon7"]
[Black "korason34"]
[Result "0-1"]
[WhiteElo "2407"]
[BlackElo "2465"]
[TimeControl "180+2"]
[EndTime "13:24:00 PDT"]
[Termination "korason34 won by resignation"]

1. d4 Nf6 2. c4 e6 3. g3 d5 4.
Nf3 Bb4+ 5. Bd2 Be7 6. Bg2 c6 7. O-O b6 8. Qc2 Bb7 9. Rd1 Nbd7 10. b3 Rc8 11. Nc3 b5 12. c5 O-O 13. e4 b4 14.
e5 bxc3 15. exf6 Nxf6 16. Bxc3 Ne4 17. Bb2 Ba6 18. Ne5 Nf6 19. Bc3 Nd7 20. b4 Nxe5 21.
dxe5 Bc4 22. Bf1 Bxf1 23. Rxf1 Qc7 24. Rab1 Rb8 25. f4 f5 26. exf6 Bxf6 27. Rfe1 d4 28. Ba1 Qd7 29. Qc4 Rfe8 30. Rbd1 Rbd8 31. f5 Kf7 32.
Re4 Qd5 33. Qxd5 Rxd5 34. Bxd4 e5 0-1

[Event "*** Titled Tuesday Blitz"]
[Site "Chess.com"]
[Date "2018.06.05"]
[Round "2"]
[White "INDIAN-ELEPHANT"]
[Black "Parhamov"]
[Result "0-1"]
[WhiteElo "2602"]
[BlackElo "2831"]
[TimeControl "180+2"]
[EndTime "13:24:01 PDT"]
[Termination "Parhamov won by resignation"]

1. d4 g6 2. e4 Bg7 3. f4 e6 4. Nf3 Ne7 5. c4 d5 6. cxd5 exd5 7.
e5 O-O 8. Nc3 b6 9. Bd3 c5 10.
O-O Nbc6 11. Be3 c4 12. Bc2 a6 13. h3 Bf5 14. g4 Bxc2 15. Qxc2 b5 16. f5 f6 17. e6 Kh8 18. Nh4 gxf5 19. gxf5 Rg8 20. Kh1 Qf8 21. Qd2 b4 22. Ne2 Qe8 23. Nf4 Bh6 24.
Nfg6+ hxg6 25. Bxh6 g5 26. Qd1 Kh7 27. Ng6 Nxg6 28. Bxg5 Nge5 29. Bxf6 Nd3 30. Qf3 Rf8 31. Qg4 Rxf6 32. Rf3 Qg8 33. Rg1 Qxg4 34. hxg4 Nxd4 35. Rh3+ Kg7 36. Rg2 Nf4 0-1

[Event "*** Titled Tuesday Blitz"]
[Site "Chess.com"]
[Date "2018.06.05"]
[Round "2"]
[White "vincentmasuka"]
[Black "dmosesov"]
[Result "0-1"]
[WhiteElo "2222"]
[BlackElo "2204"]
[TimeControl "180+2"]
[EndTime "13:24:03 PDT"]
[Termination "dmosesov won by resignation"]

1. e4 c5 2. Nf3 e6 3. d4 cxd4 4. Nxd4 Nf6 5. Nc3 d6 6. g4 h6 7.
h4 Nc6 8. Rg1 h5 9. gxh5 Nxh5 10.
Bg5 Nf6 11. Rg3 Be7 12. Nxc6 bxc6 13. Qf3 Qb6 14. O-O-O Rb8 15. Na4 Qb4 16. Qb3 Qxb3 17. Rxb3 Rxb3 18. axb3 Nxe4 19. Bg2 Nxg5 20. Bxc6+ Bd7 21.
Bxd7+ Kxd7 22. hxg5 Bxg5+ 23. Kb1 Rh2 24. Nc5+ Kc6 25. Nd3 Bh4 26. b4 Bxf2 27. Rf1 Bd4 28. Rxf7 a6 29. c3 Bf6 30. Nf4 e5 31. Ne6 e4 32.
Ka2 e3 33. Rc7+ Kd5 34. Nf4+ Ke4 35. Rc4+ Kf3 36. Nd3 Rd2 37. Nc1 Rd1 0-1

[Event "*** Titled Tuesday Blitz"]
[Site "Chess.com"]
[Date "2018.06.05"]
[Round "2"]
[White "bascheyaro"]
[Black "nurmiTV"]
[Result "1-0"]
[WhiteElo "2680"]
[BlackElo "2498"]
[TimeControl "180+2"]
[EndTime "13:24:05 PDT"]
[Termination "bascheyaro won by resignation"]

1. d4 Nf6 2. Nf3 e6 3. Bf4 b6 4. e3 Bb7 5. Be2 Be7 6. O-O O-O 7. h3 d6 8. a4 c5 9. c3 Nc6 10. Na3 a6 11. Qb3 d5 12. Ne5 Nxe5 13. Bxe5 Nd7 14. Bg3 Bc6 15. Nb1 c4 16. Qc2 b5 17. a5 b4 18. Nd2 Ra7 19. e4 Rb7 20. exd5 exd5 21. Bf3 Qc8 22. Rfe1 Nf6 23. Rxe7 Rxe7 24. Bd6 b3 25.
Qc1 Rfe8 26. Bxe7 Rxe7 27. Nf1 Qc7 28. Qg5 h6 29. Qg3 Qd8 30. Ne3 Ne4 31. Qf4 Nxc3 32. bxc3 b2 33. Rb1 Rb7 34. Nxc4 dxc4 35. Bxc6 Rb3 36. Qd2 Qxa5 37. d5 Qa2 38. Qd1 Rxc3 39. Kh2 Rd3 40. Qc2 Rb3 41. d6 Rb8 42. d7 Qa3 43. Qxc4 a5 44. g3 Qa1 45. Qd3 a4 46. d8=Q+ Rxd8 47. Qxd8+ Kh7 48. Be4+ g6 49. Qf6 Qa2 50.
Rd1 Qe6 51. Bxg6+ 1-0